 Dungeon Crawl Stone Soup version 0.17.1-1-g73c8601 (webtiles) character file.

783 abixa the Firebug (level 7, 20/60 HPs)
             Began as a Hill Orc Fire Elementalist on Dec 22, 2015.
             Quit the game on level 5 of the Dungeon.
             The game lasted 00:21:40 (5227 turns).

abixa the Firebug (Hill Orc Fire Elementalist)      Turns: 5227, Time: 00:21:40

Health: 20/60      AC: 10    Str: 11    XL:     7   Next: 86%
Magic:  4/9        EV: 10    Int: 17    God:
Gold:   230        SH:  0    Dex: 11    Spells: 3 memorised, 3 levels left

rFire  . . .     SeeInvis .     t - +4 quarterstaff (chaos)
rCold  . . .     Clarity  .     x - +0 ring mail
rNeg   . . .     SustAt   .     (shield currently unavailable)
rPois  .         Gourm    .     (no helmet)
rElec  .         Spirit   .     u - +2 cloak
rCorr  .         Warding  .     v - +1 pair of gloves
rMut   .         Stasis   .     (no boots)
MR     .....                    E - amulet of rage
Stlth  +.........               (no ring)
                                (no ring)

@: not resistant to hostile enchantments, very unstealthy
A: no striking features
a: Evoke Berserk Rage


You were on level 5 of the Dungeon.
You were very hungry.

You visited 1 branch of the dungeon, and saw 5 of its levels.

You collected 230 gold pieces.

Inventory:

Hand Weapons
 m - a +0 short sword
 s - a +0 mace
 t - a +4 quarterstaff of chaos (weapon)
 z - a +0 hand axe
Missiles
 e - 245 stones (quivered)
 i - 22 poisoned needles
 q - 25 sling bullets
 B - 16 arrows
Armour
 h - a +0 scale mail
 p - a +0 leather armour
 u - a +2 cloak (worn)
 v - a +1 pair of gloves (worn)
 x - a +0 ring mail (worn)
Jewellery
 j - an uncursed ring of ice
 E - an amulet of rage (around neck)
Scrolls
 a - a scroll of noise {unknown}
 g - 10 scrolls of identify {unknown}
 l - 5 scrolls of magic mapping {unknown}
 n - a scroll of random uselessness {unknown}
 o - 2 scrolls of enchant weapon {unknown}
 y - 2 scrolls of enchant armour {unknown}
Potions
 r - 2 potions of poison {unknown}
 w - a potion of agility
 A - a potion of cure mutation {unknown}
 D - a potion of invisibility {unknown}
Books
 b - a book of Flames

   Spells                             Type                      Level
   a - Flame Tongue                   Conjuration/Fire             1
   b - Throw Flame                    Conjuration/Fire             2
   c - Conjure Flame                  Conjuration/Fire             3
   d - Inner Flame                    Hexes/Fire                   3
   e - Sticky Flame                   Conjuration/Fire             4
   f - Fireball                       Conjuration/Fire             5
Comestibles
 c - 2 bread rations
 d - a slice of pizza
 f - 2 meat rations
 k - 3 beef jerkies
 C - 3 fruits


   Skills:
 + Level 4.6 Fighting
 - Level 1.5 Dodging
 - Level 1.5 Stealth
 - Level 1.5 Spellcasting
 + Level 5.4 Conjurations
 + Level 6.4 Fire Magic


You had 3 spell levels left.
You knew the following spells:

 Your Spells              Type           Power        Failure   Level  Hunger
a - Flame Tongue          Conj/Fire      ###..        6%          1    ##.....
b - Throw Flame           Conj/Fire      ###...       10%         2    ###....
c - Conjure Flame         Conj/Fire      ###.....     14%         3    ####...


Dungeon Overview and Level Annotations

Branches:
Dungeon (5/15)
 Temple: D:4-7

Altars:
Kikubaaqudgha
Zin

Annotations:
D:2 Grinder


Message History

Casting: Flame Tongue
Confirm with . or Enter, or press ? or * to list all spells.
Aiming: Conjure Flame
Press: ? - help, Dir - move target cursor, p - ogre The fire roars!
You are feeling very hungry.
Casting: Conjure Flame
Confirm with . or Enter, or press ? or * to list all spells.
Aiming: Flame Tongue
Press: ? - help, Shift-Dir - straight line, f - ogre
Aim: an ogre, wielding a giant club (severely wounded)
The flame tongue misses the ogre.
Casting: Flame Tongue
Confirm with . or Enter, or press ? or * to list all spells.
Aiming: Flame Tongue
Press: ? - help, Shift-Dir - straight line, f/p - ogre
Aim: an ogre, wielding a giant club (severely wounded)
The flame tongue hits the ogre.
You kill the ogre!
Are you sure you want to abandon this character and quit the game? (Confirm with "yes".)

######## #......# #......#
#####......####################
............................[>#
#####......#####.###.##########
#......# #)# #.# ########
###ยง###.## #...@....#
#........# ######........#
#........###.## #.######## #.#
#######.## #.# .........#######
#.# .#######.......# #.# #
#[#####.# #.#


There were no monsters in sight!

Vanquished Creatures
  A phantom (D:4)
  3 ogres
  A centaur (D:3)
  A killer bee (D:4)
  A hound (D:4)
  Crazy Yiuf (D:2)
  A centaur skeleton (D:4)
  2 worker ants
  A hound skeleton (D:5)
  A worker ant zombie (D:5)
  9 adders
  An ooze (D:1)
  A worm (D:3)
  2 giant geckos
  5 orcs
  4 giant cockroaches
  9 goblins
  8 hobgoblins
  8 kobolds
  5 quokkas
  7 bats
  8 giant newts
  A quokka skeleton (D:5)
  9 rats
90 creatures vanquished.

Notes
Turn   | Place    | Note
--------------------------------------------------------------
     0 | D:1      | abixa the Hill Orc Fire Elementalist began the quest for the Orb.
     0 | D:1      | Reached XP level 1. HP: 14/14 MP: 3/3
   202 | D:1      | Reached XP level 2. HP: 20/20 MP: 0/4
  1056 | D:1      | Reached XP level 3. HP: 26/26 MP: 5/5
  1838 | D:2      | Reached skill level 4 in Fire Magic
  1842 | D:2      | Learned a level 2 spell: Throw Flame
  2237 | D:2      | Reached XP level 4. HP: 29/33 MP: 1/6
  2617 | D:2      | Noticed Crazy Yiuf
  2623 | D:2      | Killed Crazy Yiuf
  2915 | D:2      | Reached XP level 5. HP: 38/38 MP: 2/7
  3056 | D:3      | Found a faded altar to an unknown god.
  3086 | D:3      | Noticed Grinder
  3638 | D:3      | Noticed a centaur
  3644 | D:3      | Killed a centaur
  3644 | D:3      | Reached skill level 1 in Fighting
  3644 | D:3      | Reached skill level 5 in Fire Magic
  3644 | D:3      | Reached XP level 6. HP: 43/48 MP: 3/8
  3720 | D:3      | Found a glowing silver altar of Zin.
  3726 | D:3      | Found an ancient bone altar of Kikubaaqudgha.
  4370 | D:4      | Reached XP level 7. HP: 36/57 MP: 4/9
  4395 | D:4      | Learned a level 3 spell: Conjure Flame
  4650 | D:4      | Reached skill level 5 in Conjurations
  4750 | D:4      | Reached skill level 6 in Fire Magic
  4903 | D:5      | Entered Level 5 of the Dungeon
  5227 | D:5      | Quit the game

Action                   |  1- 3 |  4- 6 |  7- 9 || total
-------------------------+-------+-------+-------++-------
Melee: Dagger            |   107 |       |       ||   107
       Short sword       |    41 |       |       ||    41
       Mace              |       |    11 |       ||    11
       Quarterstaff      |       |    55 |    29 ||    84
 Cast: Flame Tongue      |    31 |    49 |    28 ||   108
       Throw Flame       |       |     3 |       ||     3
       Conjure Flame     |       |       |     2 ||     2
 Stab: Sleeping          |     3 |       |       ||     3
  Eat: Chunk             |     4 |     9 |     3 ||    16
